General information
- name: BNet
- type: Ladder team game (AT/RT)
- host: Battle.net
- saver: paltry.sum
map: MarketSquare
- players: 8
- length: 44:03
- speed: Fast
- version: 1.26 W3XP
- replay type: Public
» download(259 KB)
Players
team 1 (winner)
Flow (
purple | 43 APM | 1850 actions | 43:27)
7 Mountain King
3 Storm Bolt
3 Bash
1 Avatar
6 Paladin
3 Divine Shield
3 Holy Light
» actions
| Assign group hotkey | 69 | |
| Basic commands | 112 | |
| Build / train | 110 | |
| Enter build submenu | 34 | |
| Enter hero's abilities submenu | 14 | |
| Give item / drop item | 10 | |
| Remove unit from queue | 6 | |
| Right click | 649 | |
| Select / deselect | 489 | |
| Select group hotkey | 267 | |
| Use ability | 90 | |
1850 total
» units
| Peasant | 20 | |
| Footman | 7 | |
| Gryphon Rider | 7 | |
| Dragonhawk Rider | 7 | |
| Siege Engine | 12 | |
53 total
» upgrades
| Masonry | 2 | |
| Lumber Harvesting | 2 | |
| Animal War Training | 1 | |
| Storm Hammers | 1 | |
| Cloud | 1 | |
| Swords | 3 | |
| Barrage | 1 | |
| Armor | 1 | |
| Flak Cannons | 1 | |
| Flying Machine Bombs | 1 | |
| Gunpowder | 1 | |
15 total
» buildings
| Altar of Kings | 1 | |
| Farm | 15 | |
| Blacksmith | 1 | |
| Lumber Mill | 2 | |
| Barracks | 1 | |
| Scout Tower | 11 | |
| Arcane Tower | 1 | |
| Guard Tower | 8 | |
| Keep | 1 | |
| Town Hall | 1 | |
| Arcane Vault | 1 | |
| Castle | 1 | |
| Gryphon Aviary | 3 | |
| Workshop | 2 | |
49 total
» build order
00:06 Altar of Kings
00:22 Farm
00:24 Farm
00:52 Blacksmith
01:08 Lumber Mill
01:35 Farm
02:11 Barracks
02:30 Scout Tower
02:31 Scout Tower
02:33 Scout Tower
02:37 Scout Tower
03:06 Arcane Tower
03:53 Guard Tower
03:54 Guard Tower
04:08 Farm
04:15 Farm
04:30 Keep
05:25 Town Hall
05:37 Guard Tower
05:48 Scout Tower
05:49 Scout Tower
05:52 Scout Tower
06:15 Scout Tower
06:18 Scout Tower
06:20 Guard Tower
06:43 Arcane Vault
06:49 Guard Tower
07:20 Castle
07:26 Scout Tower
07:38 Scout Tower
07:48 Guard Tower
07:52 Farm
07:55 Farm
07:56 Farm
08:04 Guard Tower
08:58 Guard Tower
09:05 Gryphon Aviary
09:10 Gryphon Aviary
09:13 Gryphon Aviary
10:59 Lumber Mill
11:43 Farm
11:45 Farm
11:47 Farm
13:10 Workshop
18:21 Farm
18:23 Farm
18:26 Farm
18:27 Farm
21:24 Workshop
» items
| Scroll of Regeneration | 1 | |
| Scroll of Town Portal | 2 | |
| Orb of Corruption | 1 | |
| Scroll of Healing | 2 | |
| Tiny Great Hall | 1 | |
| Potion of Healing | 1 | |
| Potion of Lesser Invulnerability | 1 | |
| Staff of Teleportation | 1 | |
10 total
paltry.sum (
green | 80 APM | 3546 actions | 44:03)
6 Blademaster
3 Wind Walk
3 Critical Strike
» actions
| Assign group hotkey | 96 | |
| Basic commands | 362 | |
| Build / train | 100 | |
| ESC pressed | 7 | |
| Enter build submenu | 66 | |
| Enter hero's abilities submenu | 6 | |
| Give item / drop item | 9 | |
| Right click | 1545 | |
| Select / deselect | 326 | |
| Select group hotkey | 743 | |
| Use ability | 286 | |
3546 total
» units
» upgrades
| Armor | 3 | |
| Melee Weapons | 1 | |
| Pillage | 1 | |
| Berserker Strength | 1 | |
| Ranged Weapons | 3 | |
| Troll Regeneration | 1 | |
| Reinforced Defenses | 1 | |
| Envenomed Spears | 1 | |
| Spiked Barricades | 2 | |
14 total
» buildings
| Orc Burrow | 11 | |
| Altar of Storms | 1 | |
| Barracks | 4 | |
| Voodoo Lounge | 2 | |
| War Mill | 1 | |
| Stronghold | 5 | |
| Great Hall | 2 | |
| Watch Tower | 33 | |
| Fortress | 5 | |
| Beastiary | 7 | |
71 total
» build order
00:12 Orc Burrow
00:56 Orc Burrow
01:11 Altar of Storms
01:15 Barracks
01:57 Voodoo Lounge
02:33 Orc Burrow
04:38 War Mill
06:04 Stronghold
06:04 Stronghold
06:16 Great Hall
06:20 Watch Tower
06:21 Watch Tower
06:24 Watch Tower
06:26 Watch Tower
07:29 Watch Tower
08:00 Watch Tower
08:18 Watch Tower
08:22 Watch Tower
09:55 Fortress
09:55 Fortress
12:00 Beastiary
12:02 Beastiary
12:09 Beastiary
12:18 Beastiary
12:53 Orc Burrow
13:00 Watch Tower
13:05 Orc Burrow
14:26 Watch Tower
14:30 Watch Tower
14:43 Watch Tower
14:46 Watch Tower
16:44 Watch Tower
16:46 Watch Tower
17:14 Orc Burrow
30:10 Stronghold
30:11 Stronghold
30:21 Great Hall
31:21 Watch Tower
31:21 Watch Tower
31:24 Watch Tower
31:28 Watch Tower
33:46 Fortress
33:46 Fortress
34:34 Beastiary
34:36 Beastiary
34:38 Beastiary
34:44 Barracks
34:45 Barracks
34:47 Barracks
35:10 Voodoo Lounge
36:36 Orc Burrow
36:37 Orc Burrow
36:39 Orc Burrow
36:42 Orc Burrow
36:44 Orc Burrow
36:46 Watch Tower
36:48 Watch Tower
36:49 Watch Tower
36:50 Watch Tower
36:51 Watch Tower
36:53 Watch Tower
36:55 Watch Tower
36:55 Watch Tower
36:56 Watch Tower
36:58 Watch Tower
37:00 Watch Tower
37:01 Watch Tower
37:03 Watch Tower
37:06 Watch Tower
» items
| Healing Salve | 5 | |
| Lesser Clarity Potion | 4 | |
| Boots of Speed | 1 | |
| Periapt of Vitality | 1 | |
| Potion of Mana | 1 | |
| Scroll of Town Portal | 1 | |
| Rod of Necromancy | 1 | |
| Potion of Healing | 1 | |
15 total

»
ITKMORONS (
orange | 37 APM | 1145 actions | 31:05)
4 Death Knight
2 Death Coil
2 Unholy Aura
3 Dark Ranger
2 Silence
1 Life Drain
2 Lich
1 Frost Nova
1 Frost Armor
» actions
| Basic commands | 21 | |
| Build / train | 83 | |
| Enter build submenu | 24 | |
| Enter hero's abilities submenu | 9 | |
| Remove unit from queue | 5 | |
| Right click | 448 | |
| Select / deselect | 480 | |
| Use ability | 75 | |
1145 total
» units
| Acolyte | 16 | |
| Ghoul | 8 | |
| Crypt Fiend | 11 | |
| Frost Wyrm | 8 | |
| Gargoyle | 3 | |
46 total
» upgrades
| Creature Attack | 3 | |
| Creature Carapace | 3 | |
| Web | 1 | |
| Burrow | 1 | |
| Freezing Breath | 1 | |
| Backpack | 0 | |
9 total
» buildings
| Crypt | 3 | |
| Ziggurat | 8 | |
| Altar of Darkness | 2 | |
| Nerubian Tower | 2 | |
| Graveyard | 1 | |
| Halls of the Dead | 2 | |
| Necropolis | 2 | |
| Spirit Tower | 5 | |
| Black Citadel | 1 | |
| Tomb of Relics | 2 | |
| Sacrificial Pit | 1 | |
| Boneyard | 2 | |
31 total
» build order
00:08 Crypt
00:11 Ziggurat
00:34 Altar of Darkness
00:55 Ziggurat
01:16 Nerubian Tower
02:16 Graveyard
03:20 Ziggurat
03:51 Halls of the Dead
04:44 Necropolis
05:35 Ziggurat
06:23 Crypt
06:45 Spirit Tower
09:11 Black Citadel
09:24 Ziggurat
10:01 Ziggurat
10:04 Ziggurat
10:06 Tomb of Relics
10:14 Tomb of Relics
10:23 Spirit Tower
10:30 Spirit Tower
10:55 Nerubian Tower
10:57 Spirit Tower
11:48 Sacrificial Pit
12:53 Ziggurat
14:49 Spirit Tower
15:23 Boneyard
15:25 Boneyard
23:30 Necropolis
23:32 Crypt
25:35 Altar of Darkness
25:56 Halls of the Dead
» items

»
FeIoHuMaNo (
pink | 43 APM | 1908 actions | 44:01)
4 Archmage
2 Blizzard
2 Brilliance Aura
4 Mountain King
2 Storm Bolt
2 Bash
» actions
| Assign group hotkey | 54 | |
| Basic commands | 36 | |
| Build / train | 88 | |
| ESC pressed | 1 | |
| Enter build submenu | 20 | |
| Enter hero's abilities submenu | 9 | |
| Give item / drop item | 1 | |
| Right click | 565 | |
| Select / deselect | 331 | |
| Select group hotkey | 744 | |
| Use ability | 59 | |
1908 total
» units
| Peasant | 9 | |
| Footman | 4 | |
| Rifleman | 4 | |
| Sorceress | 5 | |
| Flying Machine | 39 | |
| Spell Breaker | 3 | |
| Siege Engine | 1 | |
65 total
» upgrades
| Sorceress Training | 1 | |
| Barrage | 1 | |
2 total
» buildings
| Altar of Kings | 1 | |
| Farm | 9 | |
| Barracks | 1 | |
| Scout Tower | 1 | |
| Arcane Tower | 1 | |
| Keep | 1 | |
| Lumber Mill | 1 | |
| Arcane Vault | 1 | |
| Blacksmith | 1 | |
| Arcane Sanctum | 1 | |
| Workshop | 2 | |
| Castle | 1 | |
21 total
» build order
00:07 Altar of Kings
00:20 Farm
01:03 Barracks
01:22 Scout Tower
01:46 Arcane Tower
01:49 Farm
03:32 Farm
03:54 Keep
04:01 Lumber Mill
04:26 Arcane Vault
04:51 Farm
05:28 Blacksmith
05:40 Farm
06:12 Farm
06:25 Arcane Sanctum
06:51 Workshop
10:05 Farm
10:14 Farm
11:34 Castle
12:12 Farm
12:15 Workshop
» items
| Scroll of Regeneration | 1 | |
| Lesser Clarity Potion | 1 | |
| Potion of Healing | 2 | |
4 total
team 2 (loser)

»
Only_DarkNeSS (
teal | 62 APM | 1292 actions | 20:55)
7 Blademaster
3 Wind Walk
3 Critical Strike
1 Bladestorm
» actions
| Basic commands | 15 | |
| Build / train | 48 | |
| Enter build submenu | 14 | |
| Enter hero's abilities submenu | 7 | |
| Give item / drop item | 1 | |
| Right click | 834 | |
| Select / deselect | 279 | |
| Use ability | 94 | |
1292 total
» units
| Peon | 8 | |
| Wind Rider | 6 | |
| Troll Batrider | 4 | |
18 total
» upgrades
| Ranged Weapons | 2 | |
| Armor | 1 | |
| Envenomed Spears | 2 | |
5 total
» buildings
| Orc Burrow | 6 | |
| Altar of Storms | 1 | |
| Stronghold | 1 | |
| War Mill | 1 | |
| Voodoo Lounge | 1 | |
| Beastiary | 2 | |
| Fortress | 1 | |
13 total
» build order
00:39 Orc Burrow
00:47 Altar of Storms
00:59 Orc Burrow
02:48 Stronghold
02:53 War Mill
03:03 Orc Burrow
03:09 Voodoo Lounge
04:18 Orc Burrow
05:23 Beastiary
05:28 Beastiary
05:33 Fortress
05:37 Orc Burrow
09:30 Orc Burrow
» items
| Healing Salve | 5 | |
| Lesser Clarity Potion | 2 | |
| Orb of Lightning | 1 | |
| Potion of Healing | 2 | |
| Scroll of Town Portal | 2 | |
| Potion of Lesser Invulnerability | 1 | |
| Potion of Mana | 1 | |
14 total
PistolPete (
blue | 55 APM | 2438 actions | 44:01)
9 Archmage
3 Summon Water Elemental
3 Brilliance Aura
1 Mass Teleport
2 Blizzard
» actions
| Assign group hotkey | 38 | |
| Basic commands | 97 | |
| Build / train | 100 | |
| Enter build submenu | 61 | |
| Enter hero's abilities submenu | 11 | |
| Give item / drop item | 8 | |
| Right click | 905 | |
| Select / deselect | 477 | |
| Select group hotkey | 549 | |
| Use ability | 192 | |
2438 total
» units
| Peasant | 16 | |
| Footman | 4 | |
| Gryphon Rider | 13 | |
| Dragonhawk Rider | 3 | |
36 total
» upgrades
| Lumber Harvesting | 2 | |
| Masonry | 3 | |
| Swords | 3 | |
| Armor | 3 | |
| Animal War Training | 1 | |
| Storm Hammers | 1 | |
| Cloud | 1 | |
14 total
» buildings
| Altar of Kings | 1 | |
| Barracks | 1 | |
| Farm | 10 | |
| Scout Tower | 43 | |
| Arcane Tower | 1 | |
| Arcane Vault | 1 | |
| Keep | 1 | |
| Town Hall | 4 | |
| Lumber Mill | 1 | |
| Castle | 1 | |
| Guard Tower | 9 | |
| Gryphon Aviary | 6 | |
| Blacksmith | 2 | |
81 total
» build order
00:51 Altar of Kings
00:54 Barracks
00:57 Farm
00:58 Farm
01:06 Farm
01:36 Farm
02:18 Scout Tower
02:55 Arcane Tower
03:14 Arcane Vault
03:59 Keep
05:03 Town Hall
05:08 Lumber Mill
05:16 Scout Tower
05:16 Scout Tower
05:17 Scout Tower
05:18 Scout Tower
06:55 Castle
07:00 Guard Tower
08:52 Gryphon Aviary
08:53 Gryphon Aviary
08:55 Gryphon Aviary
08:56 Gryphon Aviary
08:58 Gryphon Aviary
08:59 Gryphon Aviary
09:01 Blacksmith
09:03 Blacksmith
09:57 Scout Tower
10:06 Scout Tower
10:58 Farm
12:26 Guard Tower
19:56 Farm
19:56 Farm
19:57 Farm
19:58 Farm
21:12 Scout Tower
21:13 Scout Tower
21:15 Scout Tower
21:16 Scout Tower
21:16 Scout Tower
21:17 Scout Tower
21:18 Scout Tower
21:19 Scout Tower
21:21 Scout Tower
21:22 Scout Tower
21:22 Scout Tower
21:24 Scout Tower
21:24 Scout Tower
21:24 Scout Tower
21:31 Scout Tower
21:32 Scout Tower
21:33 Scout Tower
21:34 Scout Tower
21:36 Scout Tower
22:04 Guard Tower
22:27 Guard Tower
23:33 Guard Tower
23:42 Guard Tower
30:49 Town Hall
31:28 Scout Tower
31:28 Scout Tower
31:29 Scout Tower
31:30 Scout Tower
31:32 Scout Tower
31:33 Scout Tower
31:35 Scout Tower
31:38 Scout Tower
31:38 Scout Tower
31:38 Scout Tower
31:42 Town Hall
31:44 Scout Tower
31:45 Scout Tower
31:45 Scout Tower
31:52 Town Hall
33:09 Guard Tower
33:12 Guard Tower
33:15 Guard Tower
» items
| Scroll of Regeneration | 8 | |
| Mechanical Critter | 5 | |
| Potion of Healing | 2 | |
| Periapt of Vitality | 3 | |
| Potion of Lesser Invulnerability | 3 | |
| Staff of Sanctuary | 2 | |
| Scroll of Town Portal | 5 | |
28 total
thedudeabides (
yellow | 42 APM | 1526 actions | 36:20)
7 Beastmaster
3 Summon Bear
3 Summon Quilbeast
1 Stampede
» actions
| Basic commands | 38 | |
| Build / train | 89 | |
| Enter build submenu | 25 | |
| Enter hero's abilities submenu | 8 | |
| Right click | 612 | |
| Select / deselect | 653 | |
| Use ability | 101 | |
1526 total
» units
| Peon | 11 | |
| Grunt | 4 | |
| Troll Headhunter/Berserker | 2 | |
| Troll Batrider | 28 | |
| Troll Witch Doctor | 3 | |
| Tauren | 8 | |
| Shaman | 5 | |
61 total
» upgrades
| Melee Weapons | 3 | |
| Shaman Training | 2 | |
| Berserker Strength | 1 | |
| Reinforced Defenses | 1 | |
| Pulverize | 1 | |
| Liquid Fire | 1 | |
| Witch Doctor Training | 1 | |
| Spirit Walker Training | 1 | |
| Ranged Weapons | 1 | |
12 total
» buildings
| Orc Burrow | 10 | |
| Barracks | 1 | |
| War Mill | 1 | |
| Altar of Storms | 1 | |
| Voodoo Lounge | 1 | |
| Stronghold | 1 | |
| Watch Tower | 3 | |
| Spirit Lodge | 2 | |
| Fortress | 1 | |
| Beastiary | 2 | |
| Tauren Totem | 1 | |
24 total
» build order
00:06 Orc Burrow
00:10 Orc Burrow
00:53 Barracks
01:19 War Mill
01:39 Altar of Storms
03:56 Orc Burrow
04:19 Voodoo Lounge
04:59 Stronghold
07:16 Watch Tower
07:30 Watch Tower
08:32 Spirit Lodge
09:34 Fortress
09:39 Watch Tower
09:59 Beastiary
10:03 Orc Burrow
11:56 Tauren Totem
12:58 Orc Burrow
13:08 Orc Burrow
18:05 Spirit Lodge
24:44 Beastiary
32:19 Orc Burrow
32:22 Orc Burrow
32:26 Orc Burrow
32:29 Orc Burrow
» items
| Orb of Lightning | 1 | |
| Potion of Healing | 1 | |
| Healing Salve | 1 | |
| Scroll of Town Portal | 2 | |
5 total
Snowfool (
red | 56 APM | 1447 actions | 25:50)
7 Blademaster
3 Wind Walk
3 Critical Strike
1 Bladestorm
» actions
| Assign group hotkey | 18 | |
| Basic commands | 2 | |
| Build / train | 76 | |
| ESC pressed | 5 | |
| Enter build submenu | 19 | |
| Enter hero's abilities submenu | 7 | |
| Right click | 731 | |
| Select / deselect | 292 | |
| Select group hotkey | 246 | |
| Use ability | 51 | |
1447 total
» units
| Peon | 11 | |
| Grunt | 2 | |
| Troll Headhunter/Berserker | 3 | |
| Wind Rider | 13 | |
| Shaman | 9 | |
| Demolisher | 5 | |
| Troll Witch Doctor | 3 | |
46 total
» upgrades
| Armor | 2 | |
| Ranged Weapons | 1 | |
| Shaman Training | 2 | |
| Troll Regeneration | 1 | |
| Ensnare | 1 | |
| Witch Doctor Training | 2 | |
| Envenomed Spears | 1 | |
| Burning Oil | 1 | |
11 total
» buildings
| Altar of Storms | 1 | |
| Orc Burrow | 6 | |
| Barracks | 1 | |
| War Mill | 1 | |
| Stronghold | 1 | |
| Voodoo Lounge | 1 | |
| Watch Tower | 1 | |
| Spirit Lodge | 1 | |
| Beastiary | 1 | |
| Fortress | 1 | |
| Great Hall | 1 | |
16 total
» build order
00:13 Altar of Storms
00:30 Orc Burrow
00:52 Barracks
01:40 War Mill
02:07 Orc Burrow
03:05 Orc Burrow
03:53 Stronghold
04:47 Voodoo Lounge
05:58 Watch Tower
06:22 Spirit Lodge
07:28 Beastiary
10:25 Fortress
13:34 Orc Burrow
14:13 Orc Burrow
16:50 Orc Burrow
17:53 Great Hall
» items
| Healing Salve | 3 | |
| Scroll of Town Portal | 3 | |
| Potion of Healing | 1 | |
| Orb of Lightning | 1 | |
8 total
Chat log
(01:56 / Allies) ITKMORONS: lets clear and expo fast
(01:58 / Allies) ITKMORONS: units all?
(01:59 / Allies) ITKMORONS: ill go aa
(02:03 / Allies) Flow: gryph
(02:36 / Allies) ITKMORONS: gj
(02:40 / Allies) ITKMORONS: slowed him up
(02:43 / Allies) ITKMORONS: hes behind by over 100g now
(04:16 / Allies) paltry.sum: want this talisman?
(04:21 / Allies) paltry.sum: I'm just going to sell it if not
(04:22 / Allies) ITKMORONS: no
(04:24 / Allies) paltry.sum: k
(04:44 / Allies) paltry.sum: ????
(04:47 / Allies) paltry.sum: you said clear fast expos
(04:55 / Allies) paltry.sum: you have no units to help clear?
(05:04 / Allies) ITKMORONS: neec wod
(05:14 / Allies) ITKMORONS: neec wood
(05:18 / Allies) paltry.sum: gave you 100
(05:54 / Allies) ITKMORONS: ffs gf called me
(06:13 / Allies) paltry.sum: move dk
(07:30 / Allies) FeIoHuMaNo: all
(07:54 / Allies) FeIoHuMaNo: gold
(08:29 / Allies) ITKMORONS: go mid
(10:33 / All) paltry.sum: got your claws red
(10:34 / All) paltry.sum: ty
(11:28 / All) paltry.sum: ty for item teal
(11:29 / All) paltry.sum: and xp
(11:37 / All) paltry.sum: got my level 4
(11:37 / Allies) FeIoHuMaNo: gold
(12:01 / Allies) ITKMORONS: spend gold green
(12:03 / Allies) Flow: ty
(12:04 / Allies) ITKMORONS: wtf dude
(12:23 / Allies) FeIoHuMaNo: gren
(12:28 / Allies) paltry.sum: I'm making bestaries
(12:28 / Allies) paltry.sum: relax
(12:33 / Allies) FeIoHuMaNo: ok
(13:17 / Allies) ITKMORONS: back to me
(13:19 / Allies) ITKMORONS: ill web
(13:40 / Allies) ITKMORONS: fuck sorcs
(13:42 / Allies) ITKMORONS: get preist
(13:44 / Allies) ITKMORONS: need inner fire
(13:45 / All) PistolPete: always in the right spot at right time huh pink
(13:55 / All) paltry.sum: is pink mh?
(14:39 / Allies) Flow: b
(15:01 / Allies) ITKMORONS: MAKE A FUcKING UNIT GREEN
(15:05 / Allies) ITKMORONS: 3500 gold
(15:07 / Allies) ITKMORONS: and 5 wyvs
(15:09 / Allies) ITKMORONS: 30 mins into game
(15:10 / Allies) paltry.sum: lol
(15:11 / Allies) ITKMORONS: good job moron
(15:21 / Allies) paltry.sum: I've raped you multiple times, never lost to you
(15:32 / Allies) ITKMORONS: repair
(15:37 / Allies) ITKMORONS: repair
(15:39 / Allies) ITKMORONS: why dont u repair
(15:41 / Allies) paltry.sum: lol
(15:41 / Allies) ITKMORONS: nobo as shit
(15:43 / All) Only_DarkNeSS: thanks for the win green
(15:43 / Allies) FeIoHuMaNo: gold
(15:44 / All) ITKMORONS: why not repair main?
(15:48 / All) Only_DarkNeSS: and the lev up
(15:50 / All) ITKMORONS: why does green have 4k gold?>
(15:57 / Allies) FeIoHuMaNo: gren na rmy
(16:02 / All) ITKMORONS: why does green only have a bm
(16:13 / All) paltry.sum: I play dota on ladder
(16:13 / All) Only_DarkNeSS: thinks this is dota
(16:20 / All) paltry.sum: exactly
(16:20 / All) Only_DarkNeSS: u play shit
(16:24 / All) Only_DarkNeSS: trash
(16:26 / All) paltry.sum: lol
(16:32 / All) paltry.sum: You want to hardball me?
(17:22 / Allies) paltry.sum: I'm gonna go rape teal
(17:53 / All) paltry.sum: you play like shit teal
(17:55 / All) paltry.sum: you're my bitch
(18:03 / Allies) FeIoHuMaNo: all
(18:08 / Allies) FeIoHuMaNo: gold
(18:09 / Allies) ITKMORONS: going
(18:14 / Allies) ITKMORONS: done listening to u morons
(18:31 / All) ITKMORONS: GREEN HAS 6000 gold
(18:47 / All) paltry.sum: you play like shit teal
(18:50 / All) paltry.sum: your play is shit!!!
(18:58 / All) paltry.sum: u play shit
(18:59 / All) paltry.sum: trash
(19:07 / Allies) FeIoHuMaNo: more
(19:16 / All) paltry.sum: Just some random 4v4 RT scrub who thinks he's better than he is
(19:20 / All) paltry.sum: Uninstall you piece of shit lol
(19:36 / Allies) ITKMORONS: saving the expo
(20:02 / Allies) FeIoHuMaNo: gold
(20:24 / Allies) FeIoHuMaNo: b
(20:51 / All) paltry.sum: Get fucked
(20:53 / All) paltry.sum: your play is shit!
(20:58 / All) paltry.sum: LMAO
(21:00 / All) FeIoHuMaNo: omg
(21:04 / All) ITKMORONS: 8k gold for green
(21:10 / Allies) FeIoHuMaNo: n gold
(21:11 / All) Snowfool: im bet
(21:17 / Allies) ITKMORONS: we won becuase of me
(21:19 / All) paltry.sum: Shut up already
(21:21 / All) paltry.sum: you fucking little bitch
(21:23 / All) Snowfool: ur nub
(21:24 / All) paltry.sum: I did more than you all game
(21:29 / Allies) FeIoHuMaNo: gold
(21:49 / Allies) paltry.sum: out
(21:53 / Allies) paltry.sum: I don't need you to win this
(21:56 / Allies) paltry.sum: pile of shit
(22:02 / Allies) FeIoHuMaNo: gold
(22:24 / Allies) paltry.sum: He's shit talking me
(22:28 / Allies) paltry.sum: you two are safe
(22:29 / Allies) FeIoHuMaNo: men n wuis ok
(22:36 / Allies) paltry.sum: keep pinging little bitch
(22:46 / Allies) paltry.sum: yeah unsummon
(22:50 / Allies) paltry.sum: make it easy on me
(22:55 / All) ITKMORONS: gg
(22:58 / All) ITKMORONS: i unsummon
(23:01 / All) paltry.sum: Orange is my bitch
(23:01 / All) ITKMORONS: i wotn let green win
(23:03 / All) Snowfool: ty
(23:07 / All) paltry.sum: You already are
(23:11 / All) paltry.sum: you are making it easy for me
(23:12 / All) Snowfool: green ur nub
(23:13 / All) paltry.sum: quick and pleasurable tk
(23:24 / All) paltry.sum: lol red you have no units, buildings or nothing
(23:40 / All) Snowfool: ur still a huge noob
(23:47 / Allies) FeIoHuMaNo: gold
(23:56 / All) paltry.sum: you're still a loser
(24:08 / All) Snowfool: riiight thats why ur raging
(24:22 / All) paltry.sum: I'm not mad at all
(24:23 / Allies) FeIoHuMaNo: gren stop plz
(24:29 / All) Snowfool: No ur just waaaaay too excited
(24:30 / Allies) paltry.sum: Orange loses
(24:38 / All) Snowfool: get a life kid
(24:38 / Allies) FeIoHuMaNo: all n
(25:08 / All) Snowfool: i know where ur gonna be on new years lol, have fun with your kleanex and moisturizer faggit
(25:36 / All) paltry.sum: speak for yourself
(25:48 / All) Snowfool: lol
(27:03 / Allies) paltry.sum: Little bitch still trying?
(27:05 / Allies) paltry.sum: get out
(27:10 / Allies) paltry.sum: I own you
(27:37 / All) PistolPete: pink mhs
(27:45 / All) paltry.sum: Map hacker and little bitch orange
(27:50 / All) PistolPete: 100%
(27:54 / Allies) paltry.sum: out
(27:55 / All) PistolPete: chased down my wolf
(28:04 / All) PistolPete: that was heading to mid
(28:45 / Allies) FeIoHuMaNo: is lossser
(28:55 / All) ITKMORONS: notice something
(28:55 / Allies) paltry.sum: you're the loser
(28:57 / Allies) paltry.sum: you lose
(29:05 / All) ITKMORONS: the inferior always feel self conscious
(29:12 / All) paltry.sum: I wouldn't know
(29:13 / All) ITKMORONS: when i noted we won becuase of me
(29:17 / All) paltry.sum: Nah
(29:20 / All) ITKMORONS: green couldnt handle the truth
(29:21 / All) paltry.sum: You were a little bitch all game
(29:22 / All) ITKMORONS: and tked
(29:26 / All) paltry.sum: I was mvp of our team
(29:29 / All) paltry.sum: I'm mvp of every team
(29:32 / All) ITKMORONS: 11k gold
(29:34 / All) paltry.sum: you're a nobody
(29:43 / All) paltry.sum: you're a 63-68 sub-50% scrub
(29:44 / All) ITKMORONS: just becuase your mommy gives u a medal, doesnt mean your mvp
(29:47 / All) paltry.sum: 63-69 now
(29:48 / All) ITKMORONS: i tk morons
(29:54 / All) ITKMORONS: i wouldve tked u, had i known earlier
(29:54 / All) paltry.sum: well you just got tked
(29:56 / All) paltry.sum: I tk morons too
(29:59 / All) paltry.sum: hahaha
(30:05 / All) paltry.sum: yeah right
(30:08 / All) paltry.sum: you couldn't if you tried
(30:09 / All) ITKMORONS: im happy
(30:13 / All) ITKMORONS: so basically the same thing
(30:20 / All) ITKMORONS: i controlled ur mind
(30:24 / All) ITKMORONS: i got u so mad, that u tked me
(30:29 / All) ITKMORONS: therefore making u lose
(30:31 / All) paltry.sum: I'm 0-0 I don't care about winning or losing don't reverse psychology me
(30:40 / All) ITKMORONS: i already did
(30:46 / All) ITKMORONS: u cant undo what has already happened
(30:49 / All) paltry.sum: lol ok
(30:59 / All) ITKMORONS: see how easy it is to control morons
(31:03 / All) ITKMORONS: take notes folks
(31:48 / All) paltry.sum: standoff?
(31:54 / All) PistolPete: aye
(33:52 / All) paltry.sum: oh yellowstill has stuff
(35:06 / All) PistolPete: My AM is one badass motherfucker
(35:52 / All) PistolPete: STRIKE
(36:28 / All) paltry.sum: Bad luck for my allies
(36:56 / All) PistolPete: my condolences on your loss, pink and purple
(38:53 / All) PistolPete: I have +15 armor on my am
(41:23 / All) Flow: Clan Flow, the best clan on Azeroth.
(41:34 / All) PistolPete: Are they all losers like you?
(41:59 / All) paltry.sum: are they all amazing 2-1 players who get raped in tks?
(42:37 / All) paltry.sum: not sure what I'm missing
(42:40 / All) paltry.sum: oh
(42:44 / All) paltry.sum: Top right
(42:50 / All) paltry.sum: let's kill purple's mk and hall
(42:52 / All) PistolPete: naughty naughty